 Dungeon Crawl Stone Soup version 0.31.0-12-g77e489cdc1 (webtiles) character file.

Game seed: 14079512778569355447

528 chippings the Sneak (level 7, -15/32 HPs)
             Began as a Vine Stalker Enchanter on Mar 4, 2024.
             Demolished by an ogre
             ... wielding a +0 giant spiked club
              (21 damage)
             ... on level 5 of the Dungeon.
             The game lasted 00:08:57 (3586 turns).

chippings the Sneak (Vine Stalker Enchanter)        Turns: 3586, Time: 00:08:58

Health: -15/32     AC: 11    Str: 11    XL:     7   Next: 23%
Magic:  0/14       EV: 11    Int: 17    God:
Gold:   200        SH:  0    Dex: 14    Spells: 3/14 levels left

rFire   . . .        o - +2 short sword (venom)
rCold   . . .        (no shield)
rNeg    . . .        d - +3 leather armour
rPois   .            (no helmet)
rElec   .            y - +2 cloak
rCorr   .            r - +1 pair of gloves
SInv    .            (no boots)
Will    .....        (no amulet)
Stlth   +++          k - ring of flight
HPRegen 1.05/turn    (no ring)
MPRegen 0.14/turn

%: guardian spirit
@: lethally poisoned (-15 -> -16), flying
A: fangs 2, regeneration 1, magic shield, antimagic bite, no potion heal 2
a: no special abilities


You were on level 5 of the Dungeon.
You visited 1 branch of the dungeon, and saw 5 of its levels.

You collected 200 gold pieces.

Inventory:

Hand Weapons
 a - a +1 dagger
 o - a +2 short sword of venom (weapon)
 q - a +1 dagger of flaming
Missiles
 s - a throwing net (quivered)
Armour
 d - a +3 leather armour (worn)
 n - a +4 scale mail of cold resistance
 r - a +1 pair of gloves (worn)
 y - a +2 cloak (worn)
Magical Staves
 l - a staff of air
Jewellery
 k - a ring of flight (left hand)
Wands
 m - a wand of flame (17)
Scrolls
 e - 3 scrolls of brand weapon {unknown}
 g - 2 scrolls of revelation {unknown}
 j - a scroll of poison {unknown}
 u - 3 scrolls of blinking {unknown}
 v - a scroll of teleportation {unknown}
 w - a scroll of summoning {unknown}
 x - a scroll of vulnerability {unknown}
Potions
 b - a potion of heal wounds {unknown}
 c - 3 potions of invisibility
 f - 2 potions of might {unknown}
 h - 2 potions of mutation {unknown}
 i - 3 potions of curing {unknown}
 p - 2 potions of brilliance {unknown}
 t - a potion of enlightenment {unknown}


   Skills:
 + Level 3.0 Short Blades
 - Level 1.5 Dodging
 + Level 5.6 Stealth
 + Level 4.0 Spellcasting
 + Level 1.5 Conjurations
 + Level 4.4 Hexes
 - Level 2.0 Ice Magic


You had 3 spell levels left.
You knew the following spells:

 Your Spells              Type           Power      Damage    Failure   Level
a - Ensorcelled Hibernat  Hex/Ice        28%        N/A       9%          2
b - Confusing Touch       Hex            18%        N/A       10%         3
c - Tukima's Dance        Hex            18%        N/A       10%         3
d - Dazzling Flash        Conj/Hex       26%        N/A       19%         3

Your spell library contained the following spells:

 Spells                   Type           Power      Damage    Failure   Level
 Freeze                   Ice            40%        1d6       9%          1
 Sting                    Conj/Alch      24%        1d4       16%         1
 Apportation              Tloc           6%         N/A       21%         1
 Necrotise                Necr           12%        1d4       21%         1
 Summon Small Mammal      Summ           12%        N/A       21%         1
 Frozen Ramparts          Ice            20%        1d4       26%         3
 Hailstorm                Conj/Ice       9%         3d6       30%         3


Dungeon Overview and Level Annotations

Branches:
Dungeon (5/15)
 Temple: D:4-7

Altars:


Innate Abilities, Weirdness & Mutations

You have extremely sharp teeth.
Your natural rate of healing is unusually fast.
When hurt, damage is shared between your health and your magic reserves.
Your bite disrupts and absorbs the magic of your enemies.
Potions cannot restore your health.


Message History

The scorpion stings you but does no damage. x2
There is an open door here.
The scorpion attacks as it pursues you! The scorpion barely misses you.
You hit the scorpion.
The scorpion is poisoned.
Your bite misses the scorpion.
The scorpion is moderately wounded.
The scorpion stings you but does no damage.
You hit the scorpion.
The scorpion looks as sick as possible!
You bite the scorpion. You drain its power.
You feel invigorated.
The scorpion is heavily wounded.
The scorpion stings you.
You hit the scorpion but do no damage. Your bite misses the scorpion.
The scorpion is heavily wounded.
The scorpion stings you.
You are poisoned.
The scorpion poisons you!
You completely miss the scorpion. Your bite misses the scorpion.
The scorpion is severely wounded.
You feel sick.
You kill the scorpion!
Your Short Blades skill increases to level 3!
Casting: Confusing Touch (quite dangerous; 10% risk of failure)
Confirm with . or Enter, or press ? or * to list all spells.
Your hands begin to glow red.
You feel sick.
The ogre hits you with a +0 giant spiked club!!
* * * LOW HITPOINT WARNING * * *
You hit the ogre but do no damage. Your bite misses the ogre.
The ogre is lightly wounded.
You feel sick.
You hit the ogre but do no damage.
The ogre is lightly wounded.
You feel sick. The ogre misses you.
You hit the ogre but do no damage.
The ogre appears confused.
The ogre is lightly wounded.
You feel sick.
You hit the ogre but do no damage.
The ogre looks even sicker.
You bite the ogre, but do no damage.
The ogre is lightly wounded.
The ogre hits you with a +0 giant spiked club!!
Ouch! That really hurt!
You die...

### #<# #.#
###'#####
#.......#
#.......#
#.......# ..
#..@....#
....###O#####
.......5..#
..........#
..........#
..........#
..........#
.......?..+
..........#


You could see an ogre (confused, very poisoned) and a shadow imp.

Vanquished Creatures
  An ice beast (D:3)
  A scorpion (D:5)
  A bombardier beetle (D:2)
  Crazy Yiuf (D:2)
  2 orc wizards (D:4)
  Ijyb (D:3)
  Terence (D:2)
  Robin (D:3)
  5 gnolls
  3 adders
  4 dart slugs
  2 ribbon worms
  9 orcs
  8 bats
  4 endoplasms
  2 giant cockroaches
  9 hobgoblins
  2 jackals (D:1)
  4 quokkas
  9 ball pythons
  5 frilled lizards
  16 goblins
  11 kobolds
  4 rats
106 creatures vanquished.

Notes
Turn   | Place    | Note
-------+----------+-------------------------------------------
     0 | D:1      | chippings the Vine Stalker Enchanter began the quest for
                  | the Orb.
     0 | D:1      | Reached XP level 1. HP: 9/9 MP: 4/4
    79 | D:1      | Reached skill level 1 in Short Blades
   124 | D:1      | Reached XP level 2. HP: 13/13 MP: 6/6
   282 | D:1      | Reached skill level 4 in Stealth
   384 | D:1      | Reached XP level 3. HP: 16/16 MP: 7/7
   490 | D:1      | Found a faded altar of an unknown god.
   501 | D:1      | Learned a level 2 spell: Ensorcelled Hibernation
   505 | D:1      | Learned a level 3 spell: Confusing Touch
   967 | D:2      | Reached skill level 1 in Ice Magic
  1093 | D:2      | Reached XP level 4. HP: 21/21 MP: 6/9
  1440 | D:2      | Noticed Terence
  1445 | D:2      | Killed Terence
  1480 | D:2      | You are sucked into a shaft and drop 1 floor!
  1695 | D:3      | Noticed Ijyb
  1705 | D:3      | Killed Ijyb
  1706 | D:3      | Reached XP level 5. HP: 19/24 MP: 4/10
  1768 | D:3      | Noticed an ice beast
  1777 | D:3      | Killed an ice beast
  1778 | D:3      | Reached skill level 5 in Stealth
  1778 | D:3      | Reached XP level 6. HP: 28/28 MP: 10/12
  2012 | D:3      | Noticed Robin
  2057 | D:3      | Killed Robin
  2434 | D:4      | Learned a level 3 spell: Tukima's Dance
  2438 | D:4      | Learned a level 3 spell: Dazzling Flash
  2649 | D:4      | Reached skill level 1 in Conjurations
  3170 | D:5      | Entered Level 5 of the Dungeon
  3216 | D:2      | Reached XP level 7. HP: 32/32 MP: 9/13
  3360 | D:2      | Found a runed translucent door.
  3361 | D:2      | Noticed Crazy Yiuf
  3368 | D:2      | Killed Crazy Yiuf
  3586 | D:5      | Demolished by an ogre

Illustrated notes

Levels and vault maps discovered:
D:1:      erik_arrival_triangle_large, layout_loops_cross,
          hellmonk_ecumenical_altar_run_dry, dk_noncrumbling_4
D:2:      minmay_skewed_foursquare, layout_loops_ring, uniq_terence,
          uniq_crazy_yiuf_cottage
D:3:      layout_basic, uniq_robin, uniq_ijyb
D:4:      layout_cave_pods, serial_park, serial_park_fountain,
          serial_park_gazebo [serial_park_minivault_5x5_4], serial_park_square2,
          serial_park_tiny_2
D:5:      layout_basic, nicolae_qazlal_style_of_elements, gammafunk_ghost_split,
          kennysheep_potato, uniq_edmund, uniq_pikel

Skill      XL: |  1  2  3  4  5  6  7 |
---------------+----------------------+-----
Short Blades   | 1 2 3 |  3.0
Stealth        | 4 5 |  5.6
Ice Magic      | 1 2 |  2.0
Spellcasting   | 3 4 |  4.0
Hexes          | 4 |  4.4
Conjurations   | 1 |  1.5
Dodging        | |  1.5

Action                     |  1- 3 |  4- 6 |  7- 9 || total
---------------------------+-------+-------+-------++-------
  Melee: Dagger            |   111 |    75 |       ||   186
         Bite              |    15 |    47 |     5 ||    67
         Punch             |     1 |     3 |       ||     4
         Short sword       |       |   111 |    14 ||   125
   Cast: Ensorcelled Hiber |     5 |     9 |       ||    14
         Confusing Touch   |       |     3 |     1 ||     4
   Stab: Sleeping          |     6 |    14 |     2 ||    22
         Confused          |       |     2 |       ||     2
 Armour: Robe              |    12 |       |       ||    12
         Leather armour    |    53 |    95 |     8 ||   156
  Dodge: Dodged            |    68 |   102 |     3 ||   173
